 Dungeon Crawl Stone Soup version 0.20.1-1-g8b1a95d (webtiles) character file.

51 gobwax the Slasher (level 4, -2/35 HPs)
             Began as a Formicid Fighter on Sept 8, 2017.
             Slain by an orc wizard
             ... wielding a +0 dagger of electrocution
              (9 damage)
             ... on level 5 of the Dungeon.
             The game lasted 00:02:50 (1448 turns).

gobwax the Slasher (Formicid Fighter)               Turns: 1448, Time: 00:02:50

Health: -2/35      AC:  9    Str: 18 (21) XL:     4   Next: 5%
Magic:  4/4        EV:  7    Int:  6 (8)  God:
Gold:   131        SH:  8    Dex:  8 (10) Spells: 3/3 levels left

rFire    . . .     SeeInvis +   a - +0 long sword
rCold    . . .     Gourm    .   c - +0 shield
rNeg     . . .     Faith    .   b - +0 scale mail
rPois    .         Spirit   .   (helmet unavailable)
rElec    .         Reflect  .   (no cloak)
rCorr    .         Harm     .   o - +1 pair of gloves
MR       .....                  (no boots)
Stlth    ..........             (no amulet)
Regen    0.2/turn               (no ring)
MPRegen  0.1/turn               (no ring)

@: starving
A: permanent stasis, dig shafts and tunnels, four strong arms, antennae 3
a: Dig, Shaft Self


You were on level 5 of the Dungeon.
You were starving.

You visited 1 branch of the dungeon, and saw 5 of its levels.

You collected 131 gold pieces.

Inventory:

Hand Weapons
 a - a +0 long sword (weapon)
Armour
 b - a +0 scale mail (worn)
 c - a +0 shield (worn)
 o - a +1 pair of gloves (worn)
Jewellery
 k - an uncursed amulet of the gourmand {unknown}
Scrolls
 g - a scroll of remove curse {unknown}
 j - a scroll of identify {unknown}
 m - a scroll of random uselessness {unknown}
 n - 2 scrolls of teleportation {unknown}
 r - a scroll of recharging {unknown}
Potions
 e - a potion of agility
 i - a potion of degeneration
Comestibles
 f - 2 bread rations
 h - a meat ration
 q - a fruit


   Skills:
 - Level 3.2 Fighting
 * Level 4.0 Long Blades
 - Level 3.2 Armour
 - Level 3.6 Shields


You had 3 spell levels left.
You didn't know any spells.

Dungeon Overview and Level Annotations

Branches:
Dungeon (6/15)
 Temple: D:4-7

Altars:

Annotations:
D:2 Robin


Innate Abilities, Weirdness & Mutations

You cannot be hasted, slowed, berserked, paralysed or teleported.
You can dig through walls and to a lower floor.
Your four strong arms can wield two-handed weapons with a shield.
You have a pair of large antennae on your head. (SInv)


Message History

You are starving!
You block the orc's attack.
Your scale mail prevents you from hitting the orc.
The orc is almost dead.
The orc hits you but does no damage.
The bullfrog gives a loud, deep croak!
You hit the orc.
You kill the orc!
The orc wizard points at you and mumbles some strange words.
The magic dart hits you!
You closely miss the orc wizard.
The orc wizard hits you but does no damage.
You are electrocuted!
Ouch! That really hurt!
* * * LOW HITPOINT WARNING * * *
You closely miss the orc wizard. The orc wizard closely misses you.
You closely miss the orc wizard.
The orc wizard hits you but does no damage.
You are electrocuted!
You die...

### ... #.#
#>#
####.######.
#@og....)...
###F........
###....###
##...##.##
#..####...#
###.## #.# .#.
#...###..#....
#..{.......#
#.####.....#


You could see a bullfrog, an orc wizard and a gnoll.

Vanquished Creatures
  A dart slug (D:1)
  3 orcs (D:5)
  2 giant cockroaches
  9 goblins
  7 hobgoblins
  4 jackals (D:1)
  A quokka (D:2)
  5 bats
  3 frilled lizards
  2 kobolds
  3 rats
40 creatures vanquished.

Notes
Turn   | Place    | Note
-------+----------+-------------------------------------------
     0 | D:1      | gobwax the Formicid Fighter began the quest for the Orb.
     0 | D:1      | Reached XP level 1. HP: 18/18 MP: 1/1
    34 | D:1      | Reached XP level 2. HP: 24/24 MP: 2/2
   116 | D:1      | Reached skill level 3 in Long Blades
   252 | D:1      | Reached XP level 3. HP: 29/29 MP: 3/3
  1055 | D:2      | Noticed Robin
  1124 | D:3      | You fall through a shaft for 3 floors!
  1405 | D:5      | Entered Level 5 of the Dungeon
  1441 | D:5      | Reached skill level 4 in Long Blades
  1441 | D:5      | Reached XP level 4. HP: 35/35 MP: 4/4
  1445 | D:5      | Noticed a bullfrog
  1448 | D:5      | Slain by an orc wizard

Skill      XL: |  1  2  3 |
---------------+----------+-----
Long Blades    | 3 4 |  4.0
Fighting       | |  3.2
Armour         | |  3.2
Shields        | |  3.6

Action                   |  1- 3 |  4- 6 || total
-------------------------+-------+-------++-------
Melee: Long sword        |    87 |     7 ||    94
 Abil: Shaft Self        |     1 |       ||     1
  Use: Potion            |     5 |       ||     5
Armor: Scale mail        |    44 |     3 ||    47
Dodge: Dodged            |    29 |     2 ||    31
Block: Shield            |    63 |     1 ||    64
       Rpst.: Long sword |    14 |       ||    14
